 Dungeon Crawl Stone Soup version 0.23.0 (webtiles) character file.

Game seed: 12470160398381016547

158 catcat the Ruffian (level 5, -4/50 HPs)
             Began as a Troll Fighter on Feb 20, 2019.
             Slain by a scorpion (5 damage)
             ... on level 3 of the Dungeon.
             The game lasted 00:04:11 (1707 turns).

catcat the Ruffian (Troll Fighter)                  Turns: 1707, Time: 00:04:11

Health: -4/50      AC:  6    Str: 24    XL:     5   Next: 16%
Magic:  4/4        EV:  8    Int:  4    God:
Gold:   124        SH:  8    Dex: 10    Spells: 4/4 levels left

rFire    . . .     SeeInvis .     - Unarmed
rCold    . . .     Gourm    +   b - +0 shield
rNeg     . . .     Faith    .   a - +0 robe
rPois    .         Spirit   .   (helmet restricted)
rElec    .         Reflect  .   (no cloak)
rCorr    .         Harm     .   (gloves unavailable)
MR       .....                  (boots unavailable)
Stlth    +.........             (no amulet)
HPRegen  0.56/turn              (no ring)
MPRegen  0.09/turn              (no ring)

@: lethally poisoned (-4 -> -5)
A: large, unfitting armour, claws 3, fast metabolism 3, gourmand, regeneration
1, shaggy fur 1, tough skin 3
a: no special abilities


You were on level 3 of the Dungeon.
You were completely stuffed.

You visited 1 branch of the dungeon, and saw 4 of its levels.

You collected 124 gold pieces.

Inventory:

Armour
 a - a +0 robe (worn)
 b - a +0 shield (worn)
Wands
 q - a wand of disintegration (6)
Scrolls
 e - 2 scrolls of identify {unknown}
 h - 7 scrolls of teleportation {unknown}
 i - 3 scrolls of remove curse {unknown}
 o - 2 scrolls of immolation {unknown}
 p - a scroll of noise {unknown}
 r - a scroll of fear {unknown}
Potions
 c - 2 potions of might
 f - a potion of agility {unknown}
 g - 3 potions of lignification {unknown}
 j - a potion of magic {unknown}
 k - 2 potions of curing {unknown}
 l - 2 potions of flight {unknown}
 m - a potion of degeneration {unknown}
 n - a potion of ambrosia {unknown}
Comestibles
 d - 9 rations


   Skills:
 - Level 2.4 Fighting
 - Level 2.4 Dodging
 - Level 2.4 Shields
 * Level 5.4 Unarmed Combat


You had 4 spell levels left.
You didn't know any spells.
Your spell library was empty.

Dungeon Overview and Level Annotations

Branches:
Dungeon (4/15)
 Temple: D:4-7

Altars:
Elyvilon
Makhleb
Yredelemnul


Innate Abilities, Weirdness & Mutations

You are too large for most types of armour.
You have claws for hands.
Your metabolism is lightning-fast.
You like to eat raw meat.
Your natural rate of healing is unusually fast.
You are covered in fur. (AC +1)
You have extremely tough skin. (AC +3)


Message History

You climb upwards.
You feel sick.
There is a stone staircase leading down here.
You scratch the scorpion but do no damage.
The scorpion is severely wounded.
You feel sick. The orc hits you but does no damage. The scorpion stings you!
* * * LOW HITPOINT WARNING * * *
You scratch the scorpion.
The scorpion is almost dead.
You feel sick. The orc hits you but does no damage.
The scorpion stings you but does no damage.
You closely miss the scorpion.
The scorpion is almost dead.
You feel sick. You block the orc's attack. The scorpion stings you.
* * * LOW HITPOINT WARNING * * *
You barely miss the scorpion.
The scorpion is almost dead.
You feel sick. The orc hits you with a +0 short sword.
* * * LOW HITPOINT WARNING * * *
The scorpion stings you.
You die...

.♣♣ ♣♣♣.♣
####.....##.≈≈
♣.♣ ♣.♣
#.....#####
♣.♣♣♣♣♣ ♣.♣♣
#.....#
♣♣.♣♣.♣ ♣♣.♣
#.....#
♣♣)).♣♣♣ ♣.♣
#######
♣♣♣...♣♣ ♣.♣♣
♣♣....♣ ♣♣.♣♣
♣...(.♣ ♣os♣
♣♣....♣ ♣♣@♣
♣.♣(.♣♣ ♣♣♣
♣♣♣♣♣♣


You could see a scorpion and an orc.

Vanquished Creatures
  A crimson imp (D:3)
  A gnoll (D:3)
  4 adders
  A dart slug (D:3)
  8 orcs
  A ball python (D:1)
  4 bats
  2 giant cockroaches (D:1)
  12 goblins
  9 hobgoblins
  A jackal (D:3)
  8 kobolds
  2 quokkas (D:3)
  A frilled lizard (D:3)
  A jackal skeleton (D:3)
  8 rats
  A spectral orc (D:3)
65 creatures vanquished.

Notes
Turn   | Place    | Note
-------+----------+-------------------------------------------
     0 | D:1      | catcat the Troll Fighter began the quest for the Orb.
     0 | D:1      | Reached XP level 1. HP: 22/22 MP: 0/0
   163 | D:1      | Reached XP level 2. HP: 29/29 MP: 1/1
   209 | D:1      | Reached skill level 3 in Unarmed Combat
   514 | D:1      | Reached XP level 3. HP: 33/36 MP: 2/2
   641 | D:2      | Found a white marble altar of Elyvilon.
   971 | D:3      | Found a basalt altar of Yredelemnul.
  1006 | D:3      | Reached skill level 4 in Unarmed Combat
  1047 | D:3      | Reached XP level 4. HP: 44/44 MP: 3/3
  1246 | D:3      | Found a burning altar of Makhleb.
  1255 | D:3      | Reached skill level 5 in Unarmed Combat
  1452 | D:3      | Reached XP level 5. HP: 49/50 MP: 4/4
  1707 | D:3      | HP: 1/50 [orc/+0 short sword (3)]
  1707 | D:3      | Slain by a scorpion

Skill      XL: |  1  2  3  4 |
---------------+-------------+-----
Unarmed Combat | 3 4 5 |  5.4
Fighting       | |  2.4
Dodging        | |  2.4
Shields        | |  2.4

Action                   |  1- 3 |  4- 6 || total
-------------------------+-------+-------++-------
Melee: Unarmed           |   100 |    80 ||   180
 Stab: Distracted        |       |     1 ||     1
  Eat: Chunk             |    15 |     6 ||    21
Armor: Robe              |    28 |    23 ||    51
Dodge: Dodged            |    33 |    24 ||    57
Block: Shield            |    37 |    36 ||    73
